 Dungeon Crawl Stone Soup version 0.26-a0-660-gc07710193c (webtiles) character file.

Game seed: 1917454650875718277

135 jiml777 the Grasshopper (level 5, 0/43 HPs)
             Began as a Gnoll Warper on Oct 6, 2020.
             Slain by Crazy Yiuf
             ... wielding a +4 quarterstaff of chaos
              (5 damage)
             ... while petrified by Crazy Yiuf
             ... on level 2 of the Dungeon.
             The game lasted 00:07:02 (2219 turns).

jiml777 the Grasshopper (Gnoll Warper)              Turns: 2219, Time: 00:07:03

Health: 0/43       AC: 12    Str: 13    XL:     5   Next: 18%
Magic:  12/12      EV:  2    Int: 16    God:
Gold:   94         SH:  0    Dex: 15    Spells: 14/14 levels left

rFire    . . .     SeeInvis .   p - +1 spear (vorpal)
rCold    . . .     Faith    .   (no shield)
rNeg     + + +     Spirit   .   n - +0 plate armour
rPois    ∞         Reflect  .   q - +0 helmet
rElec    .         Harm     .   (no cloak)
rCorr    .         Rampage  .   (no gloves)
MR       .....                  (no boots)
Stlth    ..........             (no amulet)
HPRegen  0.14/turn              (no ring)
MPRegen  0.13/turn              (no ring)

@: petrified, slowed, drained
A: distributed training, fangs 1, strong nose
a: no special abilities


You were on level 2 of the Dungeon.
You visited 1 branch of the dungeon, and saw 2 of its levels.

You collected 94 gold pieces.

Inventory:

Hand Weapons
 a - a +0 spear
 i - a +1 mace of holy wrath
 p - a +1 vorpal spear (weapon)
Missiles
 e - 5 boomerangs of dispersal (quivered)
 g - 42 arrows
 j - 8 poisoned darts
 l - 18 sling bullets
Armour
 b - a +0 leather armour
 k - a +0 ring mail
 n - a +0 plate armour (worn)
 q - a +0 helmet (worn)
Scrolls
 d - a scroll of blinking
 f - a scroll of identify {unknown}
 h - a scroll of fog {unknown}
 m - 2 scrolls of remove curse {unknown}
 o - a scroll of fear {unknown}
 r - a scroll of enchant weapon {unknown}
Potions
 c - a potion of stabbing {unknown}


   Skills:
 + Level 4.7(4.0) Fighting
 + Level 1.4(0.7) Short Blades
 + Level 1.4(0.7) Long Blades
 + Level 1.4(0.7) Axes
 + Level 1.4(0.7) Maces & Flails
 + Level 4.7(4.0) Polearms
 + Level 1.4(0.7) Staves
 + Level 1.4(0.7) Slings
 + Level 1.4(0.7) Bows
 + Level 1.4(0.7) Crossbows
 + Level 2.9(2.2) Throwing
 + Level 2.9(2.2) Armour
 + Level 4.7(4.0) Dodging
 + Level 1.4(0.7) Stealth
 + Level 1.4(0.7) Shields
 + Level 1.4(0.7) Unarmed Combat
 + Level 5.1(4.4) Spellcasting
 + Level 1.1(0.4) Conjurations
 + Level 1.1(0.4) Hexes
 + Level 1.1(0.4) Summonings
 + Level 1.1(0.4) Necromancy
 + Level 5.5(4.8) Translocations
 + Level 1.1(0.4) Transmutations
 + Level 1.1(0.4) Fire Magic
 + Level 1.1(0.4) Ice Magic
 + Level 1.1(0.4) Air Magic
 + Level 1.1(0.4) Earth Magic
 + Level 1.1(0.4) Poison Magic
 + Level 1.5(0.9) Invocations
 + Level 1.4(0.7) Evocations


You had 14 spell levels left.
You didn't know any spells.
Your spell library contained the following spells:

 Spells                   Type           Power        Failure   Level
 Blink                    Tloc           N/A          99%         2
 Gell's Gravitas          Tloc           ###.......   100%        3
 Lesser Beckoning         Tloc           ###.......   100%        3
 Teleport Other           Tloc           ###.....     100%        3
 Passage of Golubria      Tloc           N/A          100%        4


Dungeon Overview and Level Annotations

Branches:
Dungeon (2/15)

Altars:

Annotations:
D:2 Crazy Yiuf


Innate Abilities, Weirdness & Mutations

Your experience applies equally to all skills.
You have very sharp teeth.
Your uncanny sense of smell can sniff out nearby items.


Message History

Crazy Yiuf hits you with a +4 quarterstaff of chaos.
You have turned to stone.
Crazy Yiuf hits you with a +4 quarterstaff of chaos.
You are electrocuted!
Crazy Yiuf grits, "Goldfish!
Adder senile sanguine."
Crazy Yiuf hits you with a +4 quarterstaff of chaos!
You are electrocuted!
* * * LOW HITPOINT WARNING * * *
Crazy Yiuf hits you with a +4 quarterstaff of chaos.
* * * LOW HITPOINT WARNING * * *
Crazy Yiuf freezes you.
Crazy Yiuf cries, "Action!
Scoff foot tired."
Crazy Yiuf hits you but does no damage. Crazy Yiuf hits you but does no damage.
Crazy Yiuf hits you with a +4 quarterstaff of chaos.
* * * LOW HITPOINT WARNING * * *
You feel yourself slow down. Crazy Yiuf barely misses you.
Crazy Yiuf hits you with a +4 quarterstaff of chaos!
You die...

.###.................. .# ##
######.#######...#..# ...# ...
...# #.# ####...#..##...## #.#
...###.# #...............# #.#
.......####.#.............# ###.#
....................##....# ....
.......####.#.).....##....####..#
.......# #...................#...
.......# ##.#...@...............#
#####..# #.#....g>.##...........
# #### #########.# #...#...... #
#.# #...# #... # ########
#.###(..#.##..# ###..P.#.### ###
#.............) ....gP..#.g##...#
#.###(####.#..# #.....P####.'...#
#.# #.# #.##.# ##....## ###..)#
#.# #(# #.##.#


You could see Crazy Yiuf.

Vanquished Creatures
  Terence (D:2)
  3 gnolls (D:2)
  2 adders (D:2)
  An ooze (D:1)
  A worm (D:2)
  2 dart slugs (D:2)
  2 leopard geckos
  A ball python (D:2)
  2 giant cockroaches
  6 goblins
  8 hobgoblins
  3 kobolds (D:1)
  3 bats
  3 frilled lizards
  15 rats
53 creatures vanquished.

Vanquished Creatures (others)
  4 fungi (D:1)
4 creatures vanquished.

Grand Total: 57 creatures vanquished

Notes
Turn   | Place    | Note
-------+----------+-------------------------------------------
     0 | D:1      | jiml777 the Gnoll Warper began the quest for the Orb.
     0 | D:1      | Reached XP level 1. HP: 20/20 MP: 6/6
   216 | D:1      | Reached XP level 2. HP: 22/26 MP: 7/7
   767 | D:1      | Reached skill level 5 in Spellcasting
   767 | D:1      | Reached XP level 3. HP: 29/31 MP: 7/9
   924 | D:2      | Reached skill level 1 in Invocations
  1206 | D:2      | Reached skill level 1 in Short Blades
  1206 | D:2      | Reached skill level 1 in Long Blades
  1206 | D:2      | Reached skill level 1 in Axes
  1206 | D:2      | Reached skill level 1 in Maces & Flails
  1206 | D:2      | Reached skill level 1 in Staves
  1206 | D:2      | Reached skill level 1 in Slings
  1206 | D:2      | Reached skill level 1 in Bows
  1206 | D:2      | Reached skill level 1 in Crossbows
  1206 | D:2      | Reached skill level 1 in Stealth
  1206 | D:2      | Reached skill level 1 in Shields
  1206 | D:2      | Reached skill level 1 in Unarmed Combat
  1206 | D:2      | Reached skill level 1 in Evocations
  1210 | D:2      | Reached XP level 4. HP: 26/38 MP: 11/11
  1499 | D:2      | Noticed Terence
  1518 | D:2      | Killed Terence
  1518 | D:2      | Reached skill level 1 in Conjurations
  1518 | D:2      | Reached skill level 1 in Hexes
  1518 | D:2      | Reached skill level 1 in Summonings
  1518 | D:2      | Reached skill level 1 in Necromancy
  1518 | D:2      | Reached skill level 1 in Transmutations
  1518 | D:2      | Reached skill level 1 in Fire Magic
  1518 | D:2      | Reached skill level 1 in Ice Magic
  1518 | D:2      | Reached skill level 1 in Air Magic
  1518 | D:2      | Reached skill level 1 in Earth Magic
  1518 | D:2      | Reached skill level 1 in Poison Magic
  1589 | D:2      | Reached XP level 5. HP: 36/43 MP: 12/12
  1877 | D:2      | Found a runed translucent door.
  1878 | D:2      | Noticed Crazy Yiuf
  2219 | D:2      | Slain by Crazy Yiuf

Illustrated notes

Levels and vault maps discovered:
D:1:      dpeg_arrival_prison, layout_rooms, minmay_pentomino_q4
D:2:      layout_basic, uniq_terence, uniq_crazy_yiuf_cottage

Skill      XL: |  1  2  3  4 |
---------------+-------------+-----
Spellcasting   | 5 |  5.1
Invocations    | 1 |  1.5
Short Blades   | 1 |  1.4
Long Blades    | 1 |  1.4
Axes           | 1 |  1.4
Maces & Flails | 1 |  1.4
Staves         | 1 |  1.4
Slings         | 1 |  1.4
Bows           | 1 |  1.4
Crossbows      | 1 |  1.4
Stealth        | 1 |  1.4
Shields        | 1 |  1.4
Unarmed Combat | 1 |  1.4
Evocations     | 1 |  1.4
Conjurations   | 1 |  1.1
Hexes          | 1 |  1.1
Summonings     | 1 |  1.1
Necromancy     | 1 |  1.1
Transmutations | 1 |  1.1
Fire Magic     | 1 |  1.1
Ice Magic      | 1 |  1.1
Air Magic      | 1 |  1.1
Earth Magic    | 1 |  1.1
Poison Magic   | 1 |  1.1
Fighting       | |  4.7
Polearms       | |  4.7
Throwing       | |  2.9
Armour         | |  2.9
Dodging        | |  4.7
Translocations | |  5.5

Action                   |  1- 3 |  4- 6 || total
-------------------------+-------+-------++-------
Melee: Spear             |    84 |    67 ||   151
       Bite              |    16 |     9 ||    25
       Mace              |    65 |     9 ||    74
       Punch             |       |     1 ||     1
  Use: Scroll            |       |     1 ||     1
Armor: Leather armour    |    10 |       ||    10
       Plate armour      |    61 |    40 ||   101
       Ring mail         |     3 |       ||     3
Dodge: Dodged            |    46 |    15 ||    61

Table legend: (Time is in decaauts)
 A = Elapsed time spent in this place.
 B = Non-inter-level travel time spent in this place.
 C = Inter-level travel time spent in this place.
 D = Time resting spent in this place.
 E = Time spent auto-exploring this place.
 F = Levels seen in this place.
 G = Mean time per level.
                   A        B        C        D        E       F      G
               +--------+--------+--------+--------+--------+-----+--------+
         Total |   2219 |   2195 |     24 |    751 |    769 |   2 | 1109.5 |
       Dungeon |   2219 |   2195 |     24 |    751 |    769 |   2 | 1109.5 |
               +--------+--------+--------+--------+--------+-----+--------+

Top non-repeatable levels by time:
     D:1: 1127 daAuts
     D:2: 1091 daAuts
